 Dungeon Crawl Stone Soup version 0.29.1-14-g9c671dbff4 (webtiles) character file.

Game seed: 4300993891804489162

735 Mickster the Cudgeller (level 7, 0/43 (51) HPs)
             Began as a Demonspawn Wanderer on Feb 16, 2023.
             Slain by a wight
             ... wielding a +0 short sword
              (6 damage)
             ... on level 6 of the Dungeon.
             The game lasted 00:54:16 (4519 turns).

Mickster the Cudgeller (Demonspawn Wanderer)        Turns: 4519, Time: 00:54:17

HP:   0/43 (51)     AC: 12    Str: 15      XL:     7   Next: 45%
MP:   16/16         EV:  7    Int: 12 (13) God:
Gold: 220           SH:  4    Dex:  9 (12) Spells: 6/6 levels left

rFire   . . .      SeeInvis .   u - +0 great mace (drain)
rCold   . . .      Faith    .   (shield currently unavailable)
rNeg    . . .      Spirit   .   f - +1 chain mail
rPois   .          Reflect  .   (no helmet)
rElec   .          Harm     .   (no cloak)
rCorr   +          Rampage  .   n - +1 pair of gloves
Will    .....                   (no boots)
Stlth   ..........              j - amulet of the acrobat
HPRegen 0.94/turn               l - ring of resist corrosion
MPRegen 0.15/turn               m - ring of magical power

@: heavily drained
A: spiny 1, condensation shield, regeneration 1
a: no special abilities


You were on level 6 of the Dungeon.
You visited 1 branch of the dungeon, and saw 6 of its levels.

You collected 220 gold pieces.

Inventory:

Hand Weapons
 a - a +0 dagger
 d - a +0 vorpal mace
 p - a +2 demon blade of electrocution
 u - a +0 great mace of draining (weapon)
Missiles
 b - 6 atropa-tipped darts (quivered)
 h - 2 datura-tipped darts
 i - 6 poisoned darts
 v - 4 boomerangs
Armour
 e - a +0 scale mail
 f - a +1 chain mail (worn)
 n - a +1 pair of gloves (worn)
 y - a +2 leather armour of poison resistance
Magical Staves
 k - a staff of death
 x - a staff of earth
Jewellery
 j - an amulet of the acrobat (around neck)
 l - a ring of resist corrosion (left hand)
 m - a ring of magical power (right hand)
Wands
 r - a wand of polymorph (8)
 s - a wand of charming (9)
 w - a wand of flame (28)
Scrolls
 c - 6 scrolls of teleportation
 g - a scroll of brand weapon
 o - 3 scrolls of identify
 q - a scroll of fear
Potions
 t - 2 potions of brilliance


   Skills:
 + Level 2.3 Fighting
 - Level 1.2 Long Blades
 * Level 5.2 Maces & Flails
 + Level 0.4 Throwing
 + Level 4.6 Armour
 + Level 1.2 Dodging
 + Level 4.2 Stealth
 + Level 0.7 Shields
 + Level 1.0 Evocations


You had 6 spell levels left.
You didn't know any spells.
Your spell library contained the following spells:

 Spells                   Type           Power      Damage    Failure   Level
 Ozocubu's Armour         Ice            0%         N/A       100%        3
 Metabolic Englaciation   Hex/Ice        0%         N/A       100%        5
 Simulacrum               Ice/Necr       0%         N/A       100%        6


Dungeon Overview and Level Annotations

Branches:
Dungeon (6/15)             Temple (0/1) D:5

Altars:
Gozag
Makhleb
Xom


Innate Abilities, Weirdness & Mutations

You are partially covered in sharp spines.
A meltable shield of frost defends you. (SH +4)
Your natural rate of healing is unusually fast.


Message History

Unknown command.
A wight comes into view. It is wielding a +0 spear.
The wight completely misses you.
You closely miss the wight.
The wight hits you with a +0 short sword.
Found a potion of haste.
The wight completely misses you. The wight closely misses you.
You barely miss the wight. The wight is struck by your spines.
The wight hits you with a +0 short sword!
You feel drained.
The wight hits you from afar with a +0 spear.
You feel drained.
You hit the wight but do no damage.
The wight is lightly damaged.
The wight hits you with a +0 short sword.
You feel drained.
The wight hits you from afar with a +0 spear.
You feel drained.
The wight hits you with a +0 short sword.
You feel drained.
The wight hits you from afar with a +0 spear!
You feel drained.
* * * LOW HITPOINT WARNING * * *
You barely miss the wight.
The wight is lightly damaged.
The wight closely misses you. The wight hits you but does no damage.
You closely miss the wight.
The wight is lightly damaged.
The wight hits you with a +0 short sword.
* * * LOW HITPOINT WARNING * * *
You feel drained.
* * * LOW HITPOINT WARNING * * *
You block the wight's attack.
The wight hits you with a +0 short sword.
* * * LOW HITPOINT WARNING * * *
The wight hits you but does no damage.
You sock the wight!
The wight is heavily damaged.
The wight hits you with a +0 short sword.
You die...

..... ..... ## ####..
....# .#####>.....# #.#..
..>....###..# #.#!#
........##..####.#.#
................z#.#
._..........# #.@.z##.#
........##.####..........
.......<...#....#####....
........####.##.# ...
..............#.# .
#.######......).# ...#
#.....))## #..#
##.####.#### #..#
#.........#


You could see 2 wights.

Vanquished Creatures
  2 ice beasts (D:5)
  An ogre (D:5)
  A necrophage (D:5)
  An orc priest (D:6)
  3 iguanas
  3 orc wizards
  4 gnolls (D:5)
  6 adders
  2 white imps
  An ufetubus (D:3)
  A worm (D:3)
  A dart slug (D:1)
  16 orcs
  6 ball pythons
  7 bats
  4 endoplasms
  3 giant cockroaches
  3 goblins
  8 hobgoblins
  6 jackals
  2 quokkas
  3 frilled lizards
  8 kobolds
  3 rats
95 creatures vanquished.

Notes
Turn   | Place    | Note
-------+----------+-------------------------------------------
     0 | D:1      | Mickster the Demonspawn Wanderer began the quest for the
                  | Orb.
     0 | D:1      | Mickster set off with the following items: a +0 dagger, an
                  | atropa-tipped dart, 2 datura-tipped darts, a +0 mace, a +0
                  | scale mail, a potion of attraction.
     0 | D:1      | Reached XP level 1. HP: 13/13 MP: 1/1
    30 | D:1      | Found a faded altar of an unknown god.
   396 | D:1      | Gained mutation: You are partially covered in sharp spines.
                  | [demonic ancestry]
   396 | D:1      | Reached XP level 2. HP: 7/19 MP: 2/2
  1218 | D:1      | Reached skill level 2 in Maces & Flails
  1489 | D:2      | Reached XP level 3. HP: 23/24 MP: 3/3
  2101 | D:3      | Gained mutation: A meltable shield of frost defends you.
                  | (SH +4) [demonic ancestry]
  2101 | D:3      | Reached XP level 4. HP: 21/30 MP: 4/4
  2234 | D:3      | Found a burning altar of Makhleb.
  2234 | D:3      | Noticed an Executioner
  2238 | D:3      | Noticed a smoke demon
  2238 | D:3      | Noticed an orange demon
  2914 | D:4      | Reached skill level 1 in Long Blades
  3206 | D:4      | Reached XP level 5. HP: 36/36 MP: 5/5
  3274 | D:4      | Identified a scroll of acquirement
  3274 | D:4      | Acquired a +0 great mace of draining
  3439 | D:4      | Reached skill level 3 in Maces & Flails
  3527 | D:4      | Reached skill level 1 in Fighting
  3628 | D:4      | Found a shimmering altar of Xom.
  3647 | D:5      | Entered Level 5 of the Dungeon
  3647 | D:5      | Noticed an ogre
  3650 | D:5      | Killed an ogre
  3651 | D:5      | Reached XP level 6. HP: 43/43 MP: 6/6
  3733 | D:5      | Found a staircase to the Ecumenical Temple.
  3751 | D:5      | Reached skill level 1 in Dodging
  3776 | D:5      | Gained mutation: You occasionally lose the ability to drink
                  | potions when taking damage. [potion of mutation]
  3776 | D:5      | Lost mutation: You occasionally lose the ability to drink
                  | potions when taking damage. [potion of mutation]
  3776 | D:5      | Gained mutation: Your natural rate of healing is unusually
                  | fast. [potion of mutation]
  3929 | D:5      | Noticed an ice beast
  3942 | D:5      | Killed an ice beast
  3943 | D:5      | Reached skill level 4 in Maces & Flails
  3999 | D:5      | Reached XP level 7. HP: 49/49 MP: 7/7
  4132 | D:5      | Reached skill level 5 in Maces & Flails
  4393 | D:6      | Found an opulent altar of Gozag.
  4519 | D:6      | Slain by a wight

Illustrated notes

Levels and vault maps discovered:
D:1:      saegor_arrival_miasma, layout_basic, basic_ecumenical_altar,
          serial_park_tiny_1
D:2:      layout_rooms, serial_forest, infiniplex_forest_corner_1,
          infiniplex_forest_fountain, infiniplex_forest_lined_3,
          infiniplex_forest_clump_medium, infiniplex_forest_clump_tiny,
          infiniplex_forest_clump_double, infiniplex_forest_lined_ring,
          minmay_divided_ellipse
D:3:      layout_loops_ring, makhleb_altar_promises_db, chequers_big_river
D:4:      layout_loops_ring, led_xom_imps, grunt_ministairs_14
D:5:      layout_loops_ring, minmay_temple_entry_glass, chequers_garden
D:6:      layout_rooms, nicolae_gozag_seed_capital, gup_ossuary_entry_pyramid,
          nicolae_shop_fire_sale [nicolae_sub_dead_trees]

Skill      XL: |  1  2  3  4  5  6  7 |
---------------+----------------------+-----
Armour         | 3 4 |  4.6
Stealth        | 4 |  4.2
Maces & Flails | 2 3 4 5 |  5.2
Long Blades    | 1 |  1.2
Fighting       | 1 2 |  2.3
Dodging        | 1 |  1.2
Throwing       | |  0.4
Shields        | |  0.7
Evocations     | |  1.0

Action                   |  1- 3 |  4- 6 |  7- 9 || total
-------------------------+-------+-------+-------++-------
Melee: Mace              |    80 |       |       ||    80
       Demon blade       |       |    49 |       ||    49
       Great mace        |       |    65 |    29 ||    94
Throw: Dart              |     7 |     2 |     3 ||    12
  Use: Scroll            |     6 |     3 |     1 ||    10
       Potion            |     1 |     7 |     2 ||    10
 Stab: Invisible         |     1 |       |       ||     1
Armor: Scale mail        |    46 |       |       ||    46
       Chain mail        |    29 |    80 |    12 ||   121
Dodge: Dodged            |    41 |    39 |    10 ||    90
Block: Other             |       |    20 |     8 ||    28
